Map: [ESL] Hecate

Players

Bly

  • Race: Zerg Zerg
  • Spawn Location: 7:00

SKillous - Winner!

  • Race: Protoss Protoss
  • Spawn Location: 1:00

Event: ESL SC2 Masters 2023 Winter (Regional)

VOD

Have the link to the VOD?

Description

Time

  • Played on: Nov. 10, 2023, 11:58 a.m.
  • Length: 13:04

All games in this series

Show
View Real Time Build Order
Export as new Build Order

Bly Zerg 

Build Orders: Hatch First 

Get SALT Encoding   

  12  0:00  Drone  
  13  0:12  Overlord  
  13  0:16  Drone  
  14  0:30  Drone x2  
  16  0:48  Hatchery  
  15  0:52  Drone  
  15  0:55  Drone  
  17  0:58  Drone  
  18  1:10  Extractor  
  17  1:13  Spawning Pool  
  17  1:17  Drone  
  17  1:20  Drone  
  18  1:28  Drone  
  19  1:39  Drone  
  20  1:49  Overlord  
  20  2:00  Zergling x2, Queen x2  
  20  2:01  Zergling x2  
  26  2:10  Drone x2  
  26  2:13  Metabolic Boost  
  28  2:31  Drone  
  28  2:32  Drone x2  
  31  2:42  Hatchery  
  31  2:43  Zergling x2  
  31  2:48  Queen  
  33  2:53  Overlord  
  33  2:56  Drone  
  33  2:57  Drone  
  35  3:03  Drone  
  35  3:14  Drone, Spore Crawler  
  35  3:15  Drone x4  
  37  3:21  Drone x3  
  38  3:29  Queen  
  40  3:38  Queen  
  40  3:40  Drone x2  
  44  3:49  Overlord  
  44  3:50  Overlord  
  43  3:58  Drone x6  
  48  4:04  Spore Crawler  
  47  4:10  Zergling x8  
  47  4:11  Zergling x4  
  47  4:14  Drone  
  54  4:17  Lair  
  54  4:19  Drone  
  55  4:27  Drone x3  
  58  4:35  Drone x3  
  58  4:36  Drone x3  
  64  4:42  Drone x2  
  66  4:46  Spore Crawler  
  66  4:49  Drone  
  66  4:50  Overlord  
  66  4:56  Roach Warren  
  66  4:58  Drone  
  65  5:09  Extractor  
  65  5:10  Extractor  
  65  5:13  Drone x3  
  66  5:14  Evolution Chamber  
  66  5:21  Drone x6  
  71  5:23  Extractor, Overlord  
  70  5:29  Drone x3  
  70  5:30  Overlord, Spire  
  70  5:31  Overlord x4  
  72  5:37  Drone  
  72  5:39  Overlord  
  73  5:43  Overlord  
  73  5:45  Extractor x2  
  73  5:48  Hatchery  
  69  5:54  Drone  
  69  5:55  Drone x2  
  72  5:57  Drone x3  
  72  6:02  Roach x2  
  79  6:07  Roach x2  
  79  6:09  Zergling x4  
  85  6:13  Zergling x6  
  88  6:21  Zergling x14  
  89  6:37  Zerg Melee Weapons Level 1  
  87  6:41  Zergling x4  
  87  6:42  Roach x7  
  101  6:50  Mutalisk x5  
  109  7:08  Mutalisk x4  
  105  7:10  Zergling x10  
  116  7:18  Drone x5  
  121  7:24  Glial Reconstitution  
  117  7:32  Roach x8  
  125  7:40  Zergling x6  
  116  7:53  Zergling x2, Roach  
  116  7:54  Zergling x12, Roach x2  
  123  8:04  Zergling x10  
  122  8:13  Ravager x4  
  122  8:17  Mutalisk  
  122  8:18  Mutalisk x4  
  122  8:19  Overlord  
  136  8:20  Overlord x4  
  136  8:25  Overlord  
  133  8:35  Roach  
  133  8:36  Overlord x2  
  133  8:38  Spore Crawler  
  131  8:43  Zergling x14  
  129  8:52  Roach x6  
  129  8:53  Roach  
  126  9:03  Roach x4  
  126  9:06  Queen  
  126  9:07  Queen x2  
  126  9:08  Roach  
  138  9:21  Roach x6  
  142  9:27  Roach x2  
  135  9:34  Zergling x2  
  135  9:35  Zergling x4  
  135  9:38  Tunneling Claws  
  138  9:43  Burrow  
  136  9:48  Zergling x14  
  115  10:05  Roach  
  115  10:06  Roach x5, Queen x2  
  120  10:15  Roach x4  
  124  10:23  Roach x5  
  124  10:24  Roach x2  
  124  10:28  Hatchery  
  133  10:35  Roach x4  
  103  10:43  Roach  
  99  10:52  Roach x8  
  99  10:53  Ravager x11  
  122  11:00  Zergling x4  
  124  11:05  Zergling x2, Queen  
  123  11:13  Zergling x4  
  125  11:22  Zergling x10  
  129  11:28  Hatchery  
  123  11:39  Roach Warren  
  122  11:40  Zergling x14  
  125  11:58  Mutalisk x7  
  139  12:03  Zergling x2  
  139  12:04  Zergling x12  
  136  12:17  Zergling x14  
  135  12:29  Hatchery  
  134  12:35  Zergling x10  
Show
View Real Time Build Order
Export as new Build Order

SKillous Protoss - Winner!

Build Orders: 1 Gate Expand, Oracle Opening 

Get SALT Encoding   

  12  0:00  Probe  
  13  0:12  Probe  
  14  0:19  Pylon  
  14  0:24  Probe  
  15  0:37  Gateway, Probe (Chrono Boost)  
  16  0:43  Assimilator  
  16  0:47  Probe (Chrono Boost)  
  17  0:52  Probe (Chrono Boost)  
  18  1:03  Probe  
  19  1:16  Probe  
  20  1:24  Nexus  
  20  1:34  Cybernetics Core  
  20  1:38  Probe  
  21  1:45  Assimilator  
  21  1:50  Probe  
  21  1:54  Pylon  
  22  2:01  Probe  
  23  2:09  Adept (Chrono Boost)  
  23  2:10  Probe  
  26  2:18  Stargate  
  26  2:20  Probe  
  26  2:25  Warp Gate  
  27  2:32  Adept  
  27  2:36  Probe (Chrono Boost)  
  31  2:42  Probe (Chrono Boost)  
  31  2:46  Probe (Chrono Boost)  
  31  2:50  Probe (Chrono Boost)  
  31  2:51  Probe (Chrono Boost)  
  34  3:00  Oracle (Chrono Boost)  
  34  3:01  Probe  
  34  3:03  Probe  
  38  3:13  Probe  
  38  3:15  Probe  
  39  3:20  Adept  
  39  3:25  Probe  
  41  3:27  Probe  
  41  3:31  Gateway  
  41  3:33  Oracle  
  45  3:37  Probe, Pylon  
  46  3:55  Probe x2  
  48  3:56  Pylon  
  48  4:03  Nexus  
  48  4:07  Oracle (Chrono Boost), Probe (Chrono Boost)  
  48  4:09  Probe (Chrono Boost)  
  53  4:19  Probe (Chrono Boost), Adept  
  53  4:23  Twilight Council  
  53  4:24  Probe (Chrono Boost)  
  57  4:25  Probe (Chrono Boost)  
  58  4:35  Gateway  
  58  4:41  Shield Battery, Probe  
  58  4:42  Probe  
  58  4:44  Gateway  
  60  4:48  Pylon  
  60  4:52  Blink (Chrono Boost)  
  60  4:53  Shield Battery, Probe  
  60  4:55  Probe  
  60  4:57  Pylon  
  62  5:05  Assimilator  
  63  5:07  Assimilator, Probe (Chrono Boost)  
  63  5:09  Probe (Chrono Boost)  
  64  5:14  Probe (Chrono Boost)  
  64  5:20  Stalker, Forge  
  69  5:24  Probe x3 (Chrono Boost)  
  69  5:26  Stalker  
  72  5:30  Probe  
  73  5:36  Stalker, Probe  
  73  5:37  Probe  
  73  5:39  Robotics Facility  
  73  5:42  Probe  
  78  5:48  Probe  
  78  5:49  Probe, Stalker  
  82  5:50  Stalker  
  82  5:54  Probe, Pylon  
  82  5:56  Protoss Ground Weapons Level 1 (Chrono Boost)  
  85  6:00  Probe  
  85  6:01  Probe  
  85  6:02  Pylon  
  87  6:05  Stalker  
  87  6:06  Probe  
  87  6:09  Pylon  
  90  6:16  Probe  
  91  6:20  Stalker x3  
  91  6:23  Probe  
  96  6:37  Stalker  
  98  6:41  Gateway  
  98  6:42  Gateway, Charge  
  96  6:47  Nexus  
  96  6:48  Pylon  
  96  6:52  Stalker x3  
  98  7:08  Warp Prism (Chrono Boost), Stalker  
  96  7:10  Gateway  
  100  7:16  Gateway, Stalker x3  
  100  7:19  Shield Battery, Probe  
  100  7:21  Pylon  
  107  7:23  Oracle  
  107  7:25  Probe  
  109  7:33  Probe  
  110  7:37  Stalker x3  
  110  7:39  Pylon  
  110  7:41  Stalker x2  
  110  7:42  Stalker  
  122  7:47  Protoss Ground Weapons Level 2 (Chrono Boost)  
  122  7:53  Photon Cannon  
  122  7:56  Shield Battery  
  120  8:09  Photon Cannon  
  120  8:12  Shield Battery, Stalker x4  
  129  8:14  Zealot x3  
  129  8:16  Zealot  
  129  8:18  Probe  
  137  8:20  Probe x2  
  137  8:21  Probe  
  137  8:23  Photon Cannon  
  138  8:36  Stalker x5  
  138  8:40  Pylon  
  146  8:43  Probe  
  146  8:48  Probe  
  118  9:05  Stalker x6  
  118  9:07  Zealot x2, Gateway  
  134  9:11  Gateway  
  134  9:16  Photon Cannon  
  132  9:18  Shield Battery  
  132  9:20  Photon Cannon  
  113  9:33  Stalker x6  
  113  9:38  Probe x2  
  127  9:43  Nexus  
  127  9:45  Pylon  
  125  9:48  Pylon  
  125  9:52  Photon Cannon  
  121  9:55  Photon Cannon  
  121  9:58  Stalker x6  
  125  10:10  Photon Cannon  
  125  10:13  Photon Cannon  
  125  10:14  Shield Battery, Probe x3  
  126  10:21  Stalker x3  
  126  10:22  Stalker x2  
  126  10:26  Stalker  
  136  10:34  Stalker x2  
  140  10:42  Stalker  
  139  10:47  Probe  
  140  10:51  Stalker x2  
  143  10:57  Stalker x2  
  143  11:00  Probe x3  
  143  11:01  Probe x2  
  152  11:11  Zealot x6  
  152  11:16  Zealot x2  
  152  11:17  Warp Prism (Chrono Boost)  
  168  11:32  Stalker  
  168  11:33  Stalker x2  
  168  11:34  Stalker  
  168  11:35  Zealot x4  
  168  11:38  Probe x2  
  184  11:44  Pylon  
  184  11:51  Zealot x2  
  186  11:58  Stalker  
  186  11:59  Gateway  
  186  12:00  Gateway, Photon Cannon  
  188  12:02  Gateway x2  
  188  12:03  Photon Cannon  
  188  12:05  Gateway, Shield Battery  
  188  12:06  Gateway, Pylon  
  186  12:08  Photon Cannon  
  170  12:31  Zealot x10  
  170  12:35  Nexus  
  190  12:37  Photon Cannon  
  190  12:38  Photon Cannon  
  190  12:42  Photon Cannon  
  184  12:44  Shield Battery  
  184  12:45  Photon Cannon  
  182  12:52  Zealot x9  
Tags
 
Add a new tag
Caveats
  • Supply blocks, unpowered buildings, or Contaminate may cause inaccurate times.
  • Supply counts are checked every 10 seconds.